 Dungeon Crawl Stone Soup version 0.17.2-1-ge4368a0 (webtiles) character file.

14 Goblin1989 the Digger (level 2, 0/16 HPs)
             Began as a Kobold Earth Elementalist on Oct 16, 2016.
             Slain by an adder (5 damage)
             ... on level 2 of the Dungeon.
             The game lasted 00:07:58 (582 turns).

Goblin1989 the Digger (Kobold Earth Elementalist)    Turns: 582, Time: 00:07:58

Health: 0/16       AC:  2    Str:  6    XL:     2   Next: 60%
Magic:  0/5        EV: 15    Int: 13    God:
Gold:   60         SH:  0    Dex: 16    Spells: 2 memorised, 2 levels left

rFire  . . .     SeeInvis .     b - 46 stones
rCold  . . .     Clarity  .     e - +0 robe
rNeg   . . .     SustAt   .     (shield restricted)
rPois  .         Gourm    .     (no helmet)
rElec  .         Spirit   .     (no cloak)
rCorr  .         Warding  .     (no gloves)
rMut   .         Stasis   .     (no boots)
MR     .....                    (no amulet)
Stlth  ++........               (no ring)
                                (no ring)

@: very slightly contaminated, not resistant to hostile enchantments, unstealthy
A: carnivore 3
a: no special abilities


You were on level 2 of the Dungeon.
You were very full.

You visited 1 branch of the dungeon, and saw 2 of its levels.

You collected 60 gold pieces.

Inventory:

Hand Weapons
 a - a +0 club
Missiles
 b - 46 stones (in hand)
Armour
 e - a +0 robe (worn)
 j - a -2 leather armour
Potions
 i - a potion of brilliance
Books
 c - a book of Geomancy

   Spells                             Type                      Level
   a - Sandblast                      Earth                        1
   b - Stoneskin                      Transmutation/Earth          2
   c - Passwall                       Transmutation/Earth          3
   d - Stone Arrow                    Conjuration/Earth            3
   e - Petrify                        Transmutation/Earth          4
   f - Lee's Rapid Deconstruction     Earth                        5
Comestibles
 d - 2 meat rations {@e2}
 f - a beef jerky
 g - a slice of pizza


   Skills:
 + Level 1.0 Fighting
 * Level 1.5 Maces & Flails
 + Level 2.5 Dodging
 - Level 2.6 Stealth
 - Level 2.0 Spellcasting
 - Level 0.8 Transmutations
 - Level 3.0 Earth Magic


You had 2 spell levels left.
You knew the following spells:

 Your Spells              Type           Power        Failure   Level  Hunger
a - Sandblast             Erth           #.....       10%         1    ##.....
b - Stoneskin             Trmt/Erth      #.......     21%         2    ###....


Dungeon Overview and Level Annotations

Branches:
Dungeon (2/15)

Altars:
Elyvilon
Xom
The Shining One


Innate Abilities, Weirdness & Mutations

You are small and have problems with some larger weapons.
You are carnivorous and can eat meat at any time.


Message History

The rocky blast misses the adder.
The adder bites you.
* * * LOW HITPOINT WARNING * * *
The adder barely misses you.
You take 5 damage, and have 5/16 hp.
MASSIVE DAMAGE!!
You now have 2/5 mp.
Casting: Sandblast
Confirm with . or Enter, or press ? or * to list all spells.
Aiming: Sandblast
Press: ? - help, Shift-Dir - straight line, f/p - adder
Aim: an adder (severely wounded)
You miscast Sandblast.
You are showered with tiny particles of grit.
The adder closely misses you.
You now have 1/5 mp.
Casting: Sandblast
Confirm with . or Enter, or press ? or * to list all spells.
Aiming: Sandblast
Press: ? - help, Shift-Dir - straight line, f/p - adder
Aim: an adder (severely wounded)
The rocky blast misses the adder.
The adder bites you.
You die...

ਜ.ਜਜਜ..ਜ ਜ..ਜਜਜ.ਜ ਜ.
ਜ.ਜਜਜਜਜ.ਜ ਜ.ਜ ਜਜ ਜ.
ਜਜਜਜਜ8ਜਜਜਜਜਜ.ਜਜਜ....
ਜ. 8⌂..⌂..⌂8ਜਜ.....ਜ
ਜ≈.....≈ਜਜ..ਜਜਜਜਜ
ਜ≈≈...≈≈ਜਜ..ਜ
ਜ≈≈.≈≈ਜਜ..ਜਜ ਜ.
ਜ≈S≈ਜਜ...ਜ
ਜ..ਜਜ@ਜਜ..ਜ.ਜ
ਜ.......ਜਜ.ਜ
ਜਜਜਜ..ਜਜਜਜ.ਜ ਜਜ.ਜ
... ਜ.. ... ਜ.ਜਜ ...
..ਜ ਜਜਜ


You could see an adder.

Vanquished Creatures
  A giant gecko (D:1)
  A bat (D:1)
  A giant cockroach (D:2)
  4 goblins (D:1)
  A hobgoblin (D:1)
  A ball python (D:1)
  A giant newt (D:2)
  2 rats (D:1)
12 creatures vanquished.

Notes
Turn   | Place    | Note
--------------------------------------------------------------
     0 | D:1      | Goblin1989 the Kobold Earth Elementalist began the quest for the Orb.
     0 | D:1      | Reached XP level 1. HP: 10/10 MP: 3/3
    79 | D:1      | Reached skill level 1 in Fighting
   214 | D:1      | Reached skill level 1 in Maces & Flails
   214 | D:1      | Reached XP level 2. HP: 10/16 MP: 1/5
   572 | D:2      | Learned a level 2 spell: Stoneskin
   576 | D:2      | Found a glowing golden altar of the Shining One.
   576 | D:2      | Found a white marble altar of Elyvilon.
   576 | D:2      | Found a shimmering altar of Xom.
   582 | D:2      | Slain by an adder

Action                   || total
-------------------------++-------
Melee: Club              ||    17
 Cast: Sandblast         ||    25
  Use: Scroll            ||     2
  Eat: Chunk             ||     7

Vault maps used:
D:1:      sevenhm_arrival_forest_fort_small_6
D:2:      gammafunk_temple_overflow_claw, first_bread,
          grunt_dithmenos_smoke_and_mirrors
